 Dungeon Crawl Stone Soup version 0.29-a0-393-g47a863cc1b (webtiles) character file.

Game seed: 9527624312020364427

54 avis the Ruffian (level 3, 0/30 HPs)
             Began as a Hill Orc Transmuter on May 11, 2022.
             Slain by an ice beast (3 damage)
             ... on level 3 of the Dungeon.
             The game lasted 00:05:35 (2106 turns).

avis the Ruffian (Hill Orc Transmuter)              Turns: 2106, Time: 00:05:36

Health: 0/30       AC:  3    Str: 12    XL:     3   Next: 91%
Magic:  4/5        EV: 12    Int: 15    God:
Gold:   78         SH:  0    Dex: 11    Spells: 4/5 levels left

rFire   . . .      SeeInvis .     - Unarmed
rCold   . . .      Faith    .   (no shield)
rNeg    . . .      Spirit   .   a - +0 robe
rPois   .          Reflect  .   (helmet currently unavailable)
rElec   .          Harm     .   (no cloak)
rCorr   .          Rampage  .   n - +0 pair of gloves
Will    .....                   (boots currently unavailable)
Stlth   +.........              (no amulet)
HPRegen 0.10/turn               (no ring)
MPRegen 0.09/turn               (no ring)

@: appendages (expiring)
A: horns 2, talons 2
a: End Transformation


You were on level 3 of the Dungeon.
You had temporarily grown beastly horns and talons.
You visited 1 branch of the dungeon, and saw 3 of its levels.

You collected 78 gold pieces.

Inventory:

Missiles
 l - 3 javelins
 m - 16 stones
Armour
 a - a +0 robe (worn)
 g - a +2 chain mail of poison resistance
 n - a +0 pair of gloves (worn)
Wands
 k - a wand of charming (4)
Scrolls
 d - a scroll of amnesia {unknown}
 e - a scroll of teleportation {unknown}
 f - a scroll of fear {unknown}
 j - a scroll of identify {unknown}
Potions
 b - a potion of lignification
 c - 5 potions of curing {unknown}
 h - a potion of mutation {unknown}
 i - a potion of degeneration {unknown}
 o - a potion of brilliance {unknown}


   Skills:
 + Level 2.3 Fighting
 - Level 1.5 Dodging
 * Level 4.3 Unarmed Combat
 - Level 1.5 Spellcasting
 + Level 1.9 Transmutations


You had 4 spell levels left.
You knew the following spells:

 Your Spells              Type           Power      Damage    Failure   Level
a - Beastly Appendage     Tmut           14%        N/A       11%         1

Your spell library contained the following spells:

 Spells                   Type           Power      Damage    Failure   Level
 Wereblood                Tmut           7%         N/A       16%         2
 Spider Form              Tmut/Pois      4%         N/A       43%         3
 Ice Form                 Ice/Tmut       4%         N/A       83%         4


Dungeon Overview and Level Annotations

Branches:
Dungeon (3/15)

Altars:


Innate Abilities, Weirdness & Mutations

You have temporarily grown beastly horns and talons.


Message History

You hit the endoplasm.
You kill the endoplasm!
Your transformation is almost over.
There is a stone staircase leading up here.
Found 11 gold pieces.
Your horns disappear.
Your talons disappear.
There is a stone staircase leading down here.
You now have 78 gold pieces (gained 11).
An ice beast comes into view.
You hear the slow rusting of a very distant drain.
The ice beast attacks as you move away! The ice beast barely misses you.
Casting: Beastly Appendage (safe; 11% risk of failure)
Confirm with . or Enter, or press ? or * to list all spells.
You don't know that spell.
Casting: Beastly Appendage (safe; 11% risk of failure)
Confirm with . or Enter, or press ? or * to list all spells.
You grow a pair of large bovine horns.
Your feet morph into talons.
The ice beast misses you.
You hit the ice beast. Your headbutt misses the ice beast.
You punch the ice beast.
The ice beast is lightly wounded.
The ice beast closely misses you.
You hit the ice beast. Your headbutt misses the ice beast.
The ice beast is moderately wounded.
You hit the ice beast.
You claw the ice beast, but do no damage.
The ice beast is moderately wounded.
The ice beast hits you. The ice beast freezes you!
You hit the ice beast. Your kick misses the ice beast.
The ice beast is heavily wounded.
The ice beast hits you. The ice beast freezes you!
* * * LOW HITPOINT WARNING * * *
You punch the ice beast! You claw the ice beast.
The ice beast is severely wounded.
The ice beast barely misses you.
You hit the ice beast but do no damage. You claw the ice beast.
The ice beast is almost dead.
Your transformation is almost over.
The ice beast hits you.
You die...

#.# #.# ##### #.#
#.... #.# #...
#># #..# #.# #..#
#.# #..#
#.############..#
#...........@Y..#
###############.#
... ####


You could see an ice beast.

Vanquished Creatures
  2 adders (D:2)
  2 dart slugs (D:1)
  A worm (D:2)
  4 bats
  5 endoplasms
  3 hobgoblins
  2 quokkas
  3 frilled lizards
  4 goblins
  3 rats (D:1)
29 creatures vanquished.

Notes
Turn   | Place    | Note
-------+----------+-------------------------------------------
     0 | D:1      | avis the Hill Orc Transmuter began the quest for the Orb.
     0 | D:1      | Reached XP level 1. HP: 16/16 MP: 3/3
    83 | D:1      | Found a faded altar of an unknown god.
   170 | D:1      | Reached XP level 2. HP: 23/23 MP: 2/4
   432 | D:1      | You fall into a shaft and drop 1 floor!
  1001 | D:2      | Reached XP level 3. HP: 29/29 MP: 3/5
  1191 | D:2      | Reached skill level 4 in Unarmed Combat
  2096 | D:3      | Noticed an ice beast
  2106 | D:3      | Slain by an ice beast

Illustrated notes

Levels and vault maps discovered:
D:1:      dpeg_arrival_tiny_h, layout_rooms, ebering_ecumenical_altar_box,
          minmay_misc_feat_alley, kennysheep_crisscross
D:2:      layout_basic
D:3:      layout_loops_ring, mainiacjoe_overflow_alcove_2,
          kiku_gazebo_pond_becter, cheibrodos_sewer_entry_sluice, uniq_pargi

Skill      XL: |  1  2  3 |
---------------+----------+-----
Fighting       | 2 |  2.3
Unarmed Combat | 4 |  4.3
Dodging        | |  1.5
Spellcasting   | |  1.5
Transmutations | |  1.9

Action                   || total
-------------------------++-------
Melee: Unarmed           ||    77
       Kick              ||    17
       Headbutt          ||    13
       Punch             ||     2
 Cast: Beastly Appendage ||    28
 Stab: Sleeping          ||     1
Armor: Robe              ||     9
Dodge: Dodged            ||    34

Table legend: (Time is in decaauts)
 A = Elapsed time spent in this place.
 B = Non-inter-level travel time spent in this place.
 C = Inter-level travel time spent in this place.
 D = Time resting spent in this place.
 E = Time spent auto-exploring this place.
 F = Levels seen in this place.
 G = Mean time per level.
                   A        B        C        D        E       F      G
               +--------+--------+--------+--------+--------+-----+--------+
         Total |   2103 |   1986 |    117 |    403 |   1217 |   3 |  701.0 |
       Dungeon |   2103 |   1986 |    117 |    403 |   1217 |   3 |  701.0 |
               +--------+--------+--------+--------+--------+-----+--------+

Top non-repeatable levels by time:
     D:2: 1223 daAuts
     D:1: 827 daAuts
     D:3: 52 daAuts
